 Dungeon Crawl Stone Soup version 0.27-a0-592-g0306a34022 (webtiles) character file.

Game seed: 9808930478658340481

44 rednaxela the Sneak (level 3, 0/29 HPs)
             Began as a Barachi Brigand on Mar 10, 2021.
             Slain by an adder (1 damage)
             ... on level 2 of the Dungeon.
             The game lasted 00:02:48 (1067 turns).

rednaxela the Sneak (Barachi Brigand)               Turns: 1067, Time: 00:02:48

Health: 0/29       AC:  4    Str: 13    XL:     3   Next: 62%
Magic:  3/3        EV: 12    Int: 11    God:
Gold:   75         SH:  0    Dex: 13    Spells: 2/2 levels left

rFire    . . .     SeeInvis .   j - +5 dagger (vamp)
rCold    . . .     Faith    .   (no shield)
rNeg     . . .     Spirit   .   b - +0 robe
rPois    .         Reflect  .   (no helmet)
rElec    .         Harm     .   c - +1 cloak
rCorr    .         Rampage  .   (no gloves)
Will     .....                  (no boots)
Stlth    ++........             (no amulet)
HPRegen  0.09/turn              (no ring)
MPRegen  0.08/turn              (no ring)

@: mighty, lethally poisoned (0 -> -11), about to teleport, can't hop, slow
A: +LOS, amphibious, slowness 1, strong legs 1
a: Hop


You were on level 2 of the Dungeon.
You visited 1 branch of the dungeon, and saw 2 of its levels.

You collected 75 gold pieces.

Inventory:

Hand Weapons
 j - a +5 vampiric dagger (weapon)
   (You found it on level 1 of the Dungeon)
Missiles
 d - 23 poisoned darts (quivered)
Armour
 b - a +0 robe (worn)
 c - a +1 cloak (worn)
Scrolls
 a - a scroll of magic mapping {@r5 !r}
 h - 3 scrolls of enchant weapon
Potions
 g - 3 potions of might {@q3 !q}
 k - a potion of ambrosia {unknown}
 m - a potion of cancellation {unknown}
 n - a potion of curing {unknown}


   Skills:
 + Level 3.0 Fighting
 - Level 2.1 Short Blades
 - Level 3.0 Throwing
 + Level 1.3 Armour
 + Level 1.7 Dodging
 - Level 3.6 Stealth


You had 2 spell levels left.
You didn't know any spells.
Your spell library was empty.

Dungeon Overview and Level Annotations

Branches:
Dungeon (2/15)

Altars:


Innate Abilities, Weirdness & Mutations

You can be seen from farther away. (+LOS)
You are amphibious.
You cover ground slowly.
You can hop short distances.


Message History

You hit the kobold.
The kobold is moderately wounded.
The kobold hits you.
You hit the kobold.
You kill the kobold!
No target in range!
A frilled lizard and an adder come into view.
The adder moves out of view.
You see here 4 stones.
You barely miss the adder.
The adder bites you but does no damage. x2
You hit the adder.
The adder is moderately wounded.
The adder closely misses you.
You closely miss the adder.
The adder is moderately wounded.
The adder barely misses you.
You miss the adder.
The adder is moderately wounded.
The adder closely misses you.
You closely miss the adder.
The adder is moderately wounded.
The adder hisses angrily.
The adder bites you but does no damage.
You hit the adder.
The adder is severely wounded.
The adder bites you but does no damage.
You closely miss the adder.
The adder is heavily wounded.
The adder misses you. The adder bites you.
You are poisoned.
The adder poisons you!
You barely miss the adder.
The adder is heavily wounded.
You feel sick. The adder barely misses you.
You barely miss the adder.
The adder is heavily wounded.
The adder barely misses you. The adder bites you but does no damage.
You barely miss the adder.
The adder is heavily wounded.
You feel sick. The adder bites you.
* * * LOW HITPOINT WARNING * * *
The adder closely misses you.
You are too injured to fight recklessly!
A ball python comes into view.
The adder bites you.
* * * LOW HITPOINT WARNING * * *
The adder bites you.
* * * LOW HITPOINT WARNING * * *
You are more poisoned.
The adder poisons you! The adder barely misses you.
You feel sick.
You feel sick.
The ball python hisses angrily.
The adder barely misses you.
You feel sick. The adder closely misses you.
Found a trident.
Okay, then.
Hop to where?
Press: ? - help, Dir - move target Boing!
A kobold comes into view.
You feel sick.
Found 17 poisoned darts and 15 stones.
Found a stone staircase leading down.
Throw: 2 darts (curare)
Press: ? - help, Shift-Dir - straight line, f - adder
Aim: an adder (sparse dust, 40% to hit)
You throw a curare-tipped dart.
The curare-tipped dart misses the adder.
Throw: dart (curare)
Press: ? - help, Shift-Dir - straight line, f/p - adder
Aim: an adder (40% to hit)
You throw a curare-tipped dart.
The curare-tipped dart misses the adder.
You feel sick.
Unknown command.
As you read the scroll labelled GIOHE NIMYENNI, it crumbles to dust.
It is a scroll of identify.
h - 3 scrolls of enchant weapon The adder misses you.
As you read the scroll of identify {@r1}, it crumbles to dust.
a - a scroll of magic mapping You feel sick.
As you read the scroll labelled ARPHIQ ATEOTH, it crumbles to dust.
It is a scroll of enchant armour.
Your +0 cloak glows green for a moment.
The kobold shouts!
You hear a shout!
The ball python bites you but does no damage.
The ball python closely misses you. The adder bites you but does no damage.
The adder closely misses you.
You hear a shout!
As you read the scroll labelled EDYMOT LAALA, it crumbles to dust.
You feel strangely unstable.
It was a scroll of teleportation.
You feel sick. The adder bites you but does no damage. The adder bites you.
* * * LOW HITPOINT WARNING * * *
You are more poisoned.
The adder poisons you!
It was a potion of might.
You feel very mighty all of a sudden. The adder bites you.
You die...

# ##. #.. #.
###..
####.##. ..
......
..((>. #.#
.....
..K.##.)
.... .....
#..# ###S.#
#.S.##SS@#
#...#.(###
##....(#
.....##.##
.. #. #S.##
##.###..###
#....(.<..#
#...###l#..#
#....##
#....#


You could see 2 adders, a ball python and a kobold.

Vanquished Creatures
  An ooze (D:1)
  6 dart slugs (D:1)
  A bat (D:1)
  2 giant cockroaches (D:1)
  5 goblins (D:1)
  2 hobgoblins (D:1)
  4 kobolds
  A quokka (D:2)
  2 frilled lizards (D:1)
  2 rats (D:1)
26 creatures vanquished.

Notes
Turn   | Place    | Note
-------+----------+-------------------------------------------
     0 | D:1      | rednaxela the Barachi Brigand began the quest for the Orb.
     0 | D:1      | Reached XP level 1. HP: 17/17 MP: 1/1
   150 | D:1      | Reached XP level 2. HP: 15/23 MP: 2/2
   290 | D:1      | Reached skill level 3 in Throwing
   401 | D:1      | Reached XP level 3. HP: 28/28 MP: 3/3
   433 | D:1      | Reached skill level 1 in Armour
   916 | D:1      | Reached skill level 3 in Fighting
  1066 | D:2      | HP: 1/29 [adder (5)]
  1067 | D:2      | Slain by an adder

Illustrated notes

Levels and vault maps discovered:
D:1:      kennysheep_arrival_forest, layout_basic
D:2:      layout_rooms, kiku_gazebo_pond_becter, minitemple, uniq_jessica

Skill      XL: |  1  2  3 |
---------------+----------+-----
Throwing       | 3 |  3.0
Armour         | 1 |  1.3
Fighting       | 3 |  3.0
Short Blades   | |  2.1
Dodging        | |  1.7
Stealth        | |  3.6

Action                   || total
-------------------------++-------
Melee: Dagger            ||    68
Throw: Dart              ||     2
 Abil: Hop               ||     1
  Use: Scroll            ||     4
       Potion            ||     1
 Stab: Sleeping          ||     4
Armor: Robe              ||    16
Dodge: Dodged            ||    39

Table legend: (Time is in decaauts)
 A = Elapsed time spent in this place.
 B = Non-inter-level travel time spent in this place.
 C = Inter-level travel time spent in this place.
 D = Time resting spent in this place.
 E = Time spent auto-exploring this place.
 F = Levels seen in this place.
 G = Mean time per level.
                   A        B        C        D        E       F      G
               +--------+--------+--------+--------+--------+-----+--------+
         Total |   1216 |   1195 |     21 |     44 |    891 |   2 |  608.0 |
       Dungeon |   1216 |   1195 |     21 |     44 |    891 |   2 |  608.0 |
               +--------+--------+--------+--------+--------+-----+--------+

Top non-repeatable levels by time:
     D:1: 1184 daAuts
     D:2: 32 daAuts
